PL
ATHLETIC CLUB KC @ D.C. DIVIDED
06/04/2026
 
TOP OF THE 1ST
Athletic Club KC batting - Pitching for D.C. Divided : RHP José Alaniz
Pitching: RHP José Alaniz
Batting: RHB Harry Fuller 0-0: Fly out, F6 (Line Drive, 6)
Batting: SHB Eric Moore 0-0: Ball
1-0: Ball
2-0: Ball
3-0: Base on Balls
Batting: RHB David Edwards 0-0: Called Strike
0-1: Ball
1-1: Called Strike
1-2: Grounds into double play, 6-4-3 (Groundball, 6)
Top of the 1st over - 0 run(s), 0 hit(s), 0 error(s), 0 left on base; Athletic Club KC 0 - D.C. 0
BOTTOM OF THE 1ST
D.C. Divided batting - Pitching for Athletic Club KC : RHP Eric Lang
Pitching: RHP Eric Lang
Batting: RHB Arturo Rodríguez 0-0: Called Strike
0-1: Ball
1-1: Swinging Strike
1-2: Ground out 1-3 (Groundball, 13)
Batting: RHB Tony Romero 0-0: Ball
1-0: Ball
2-0: Foul Ball, location: 2F
2-1: Ground out 3-1 (Groundball, 34)
Batting: RHB Wilfred McLaughlin 0-0: Ball
1-0: SINGLE (Line Drive, 6D)
Batting: LHB Charles Mathes 0-0: Called Strike
0-1: Fielders Choice at 2nd, 4-6 (Groundball, 4)
Bottom of the 1st over - 0 run(s), 1 hit(s), 0 error(s), 0 left on base; Athletic Club KC 0 - D.C. 0
TOP OF THE 2ND
Athletic Club KC batting - Pitching for D.C. Divided : RHP José Alaniz
Batting: SHB Pedro Vázquez 0-0: Ball
1-0: Called Strike
1-1: Ground out 4-3 (Groundball, 4)
Batting: RHB Ramón Souza 0-0: Foul Ball, location: 2F
0-1: Ball
1-1: Swinging Strike
1-2: Strikes out swinging
Batting: RHB Todd Blake 0-0: Called Strike
0-1: Ground out 6-3 (Groundball, 6)
Top of the 2nd over - 0 run(s), 0 hit(s), 0 error(s), 0 left on base; Athletic Club KC 0 - D.C. 0
BOTTOM OF THE 2ND
D.C. Divided batting - Pitching for Athletic Club KC : RHP Eric Lang
Batting: RHB Mario Castillo 0-0: Called Strike
0-1: Fly out, F7 (Flyball, 7D)
Batting: RHB Lúcio López 0-0: Ball
1-0: Swinging Strike
1-1: Called Strike
1-2: Foul Ball, location: 2F
1-2: Ball
2-2: SINGLE (Line Drive, 56)
Batting: RHB Julián Salcido 0-0: Foul Ball, location: 2F
0-1: Swinging Strike
0-2: Ball
1-2: Fly out, F8 (Flyball, 8RM)
Batting: RHB Rubén Alvarado 0-0: Called Strike
0-1: Fly out, F8 (Flyball, 8RS)
Bottom of the 2nd over - 0 run(s), 1 hit(s), 0 error(s), 1 left on base; Athletic Club KC 0 - D.C. 0
TOP OF THE 3RD
Athletic Club KC batting - Pitching for D.C. Divided : RHP José Alaniz
Batting: RHB Júlio Maldonado 0-0: Ball
1-0: Fly out, F7 (Flyball, 7LS)
Batting: SHB David Henderson 0-0: Called Strike
0-1: Swinging Strike
0-2: Ball
1-2: Ball
2-2: Ball
3-2: Fly out, F5 (Line Drive, 56)
Batting: RHB Dao-zi Dai 0-0: Called Strike
0-1: Swinging Strike
0-2: Foul Ball, location: 2F
0-2: Ball
1-2: Ground out 4-3 (Groundball, 4D)
Top of the 3rd over - 0 run(s), 0 hit(s), 0 error(s), 0 left on base; Athletic Club KC 0 - D.C. 0
BOTTOM OF THE 3RD
D.C. Divided batting - Pitching for Athletic Club KC : RHP Eric Lang
Batting: LHB Michael Greene 0-0: Ball
1-0: Fly out, F9 (Flyball, 89D)
Batting: RHB Arturo Rodríguez 0-0: Ground out U3 (Groundball, 3)
Batting: RHB Tony Romero 0-0: Ground out 5-3 (Groundball, 56S)
Bottom of the 3rd over - 0 run(s), 0 hit(s), 0 error(s), 0 left on base; Athletic Club KC 0 - D.C. 0
TOP OF THE 4TH
Athletic Club KC batting - Pitching for D.C. Divided : RHP José Alaniz
Batting: RHB Harry Fuller 0-0: Foul Ball, location: 2F
0-1: Ball
1-1: Called Strike
1-2: Fly out, F7 (Flyball, 7S)
Batting: SHB Eric Moore 0-0: Called Strike
0-1: Ball
1-1: Ball
2-1: Foul Ball, location: 2F
2-2: Ball
3-2: DOUBLE (Line Drive, 8RXD)
Batting: RHB David Edwards 0-0: Called Strike
0-1: Foul Ball, location: 2F
0-2: Ball
1-2: Ball
2-2: Foul Ball, location: 2F
2-2: DOUBLE (Flyball, 7D)
Eric Moore scores
Batting: SHB Pedro Vázquez 0-0: Called Strike
Throwing error on steal attempt, E2
David Edwards scores
0-1: Ball
1-1: Fly out, F8 (Flyball, 8LS)
Batting: RHB Ramón Souza 0-0: Ball
1-0: Foul Ball, location: 2F
1-1: Ball
2-1: SINGLE (Flyball, 7LS)
Batting: RHB Todd Blake 0-0: Ball
1-0: Ball
2-0: Fly out, F4 (Popup, 4)
Top of the 4th over - 2 run(s), 3 hit(s), 1 error(s), 1 left on base; Athletic Club KC 2 - D.C. 0
BOTTOM OF THE 4TH
D.C. Divided batting - Pitching for Athletic Club KC : RHP Eric Lang
Batting: RHB Wilfred McLaughlin 0-0: Ball
1-0: Ball
2-0: Ball
3-0: Called Strike
3-1: Swinging Strike
3-2: Strikes out swinging
Batting: LHB Charles Mathes 0-0: Called Strike
0-1: Ball
1-1: Called Strike
1-2: Fly out, F4 (Popup, 4MD)
Batting: RHB Mario Castillo 0-0: Ball
1-0: Swinging Strike
1-1: Fly out, F3 (Popup, 3L)
Bottom of the 4th over - 0 run(s), 0 hit(s), 0 error(s), 0 left on base; Athletic Club KC 2 - D.C. 0
TOP OF THE 5TH
Athletic Club KC batting - Pitching for D.C. Divided : RHP José Alaniz
Batting: RHB Júlio Maldonado 0-0: Ball
1-0: Ball
2-0: Ball
3-0: Called Strike
3-1: Foul Ball, location: 2F
3-2: Base on Balls
Batting: SHB David Henderson 0-0: Fly out, F8 (Flyball, 8LM)
Batting: RHB Dao-zi Dai 0-0: Foul Ball, location: 2F
0-1: SINGLE (Line Drive, 4M)
Júlio Maldonado to second
Batting: RHB Harry Fuller 0-0: Ball
1-0: Ball
2-0: Swinging Strike
2-1: Fly out, F8 (Flyball, 89S)
Batting: SHB Eric Moore 0-0: Reached on error, E4 (Groundball, 4)
Júlio Maldonado to third
Dao-zi Dai to second
Batting: RHB David Edwards 0-0: Foul Ball, location: 2F
0-1: Fly out, F7 (Flyball, 7S)
Top of the 5th over - 0 run(s), 1 hit(s), 1 error(s), 3 left on base; Athletic Club KC 2 - D.C. 0
BOTTOM OF THE 5TH
D.C. Divided batting - Pitching for Athletic Club KC : RHP Eric Lang
Batting: RHB Lúcio López 0-0: Ball
1-0: SINGLE (Line Drive, 56)
Batting: RHB Julián Salcido 0-0: Bunt missed!
0-1: Ball
1-1: Bunt missed!
1-2: Ball
2-2: Strikes out swinging
Batting: RHB Rubén Alvarado 0-0: Ball
1-0: Called Strike
1-1: Ball
2-1: Ball
3-1: Base on Balls
Lúcio López to second
Batting: LHB Michael Greene 0-0: Ball
1-0: Foul Ball, location: 2F
1-1: Fly out, F9 (Flyball, 9S)
Batting: RHB Arturo Rodríguez 0-0: Foul Ball, location: 2F
0-1: Ball
1-1: Fly out, F9 (Flyball, 9S)
Bottom of the 5th over - 0 run(s), 1 hit(s), 0 error(s), 2 left on base; Athletic Club KC 2 - D.C. 0
TOP OF THE 6TH
Athletic Club KC batting - Pitching for D.C. Divided : RHP José Alaniz
Batting: SHB Pedro Vázquez 0-0: Foul Ball, location: 2F
0-1: Ball
1-1: Ball
2-1: Ground out 3-1 (Groundball, 34)
Batting: RHB Ramón Souza 0-0: DOUBLE (Line Drive, 78XD)
Batting: RHB Todd Blake 0-0: Ball
1-0: Swinging Strike
1-1: Ball
2-1: Ball
3-1: Ground out 6-3 (Groundball, 6)
Batting: RHB Júlio Maldonado 0-0: Ball
1-0: Foul Ball, location: 2F
1-1: Ball
2-1: Ground out 6-3 (Groundball, 6)
Top of the 6th over - 0 run(s), 1 hit(s), 0 error(s), 1 left on base; Athletic Club KC 2 - D.C. 0
BOTTOM OF THE 6TH
D.C. Divided batting - Pitching for Athletic Club KC : RHP Eric Lang
Batting: RHB Tony Romero 0-0: Fly out, F8 (Flyball, 8RS)
Batting: RHB Wilfred McLaughlin 0-0: Ball
1-0: Foul Ball, location: 2F
1-1: Ball
2-1: Ball
3-1: Fly out, F6 (Popup, 6)
Batting: LHB Charles Mathes 0-0: Ball
1-0: Ball
2-0: Ball
3-0: Base on Balls
Batting: RHB Mario Castillo 0-0: Ball
1-0: Called Strike
1-1: Swinging Strike
1-2: Foul Ball, location: 2F
1-2: Ball
2-2: Ball
3-2: Ground out 6-3 (Groundball, 56)
Bottom of the 6th over - 0 run(s), 0 hit(s), 0 error(s), 1 left on base; Athletic Club KC 2 - D.C. 0
TOP OF THE 7TH
Athletic Club KC batting - Pitching for D.C. Divided : RHP José Alaniz
Batting: SHB David Henderson 0-0: Foul Ball, location: 2F
0-1: Foul Ball, location: 2F
0-2: Ball
1-2: SINGLE (Groundball, 13S) (infield hit)
Batting: RHB Dao-zi Dai 0-0: Fly out, F8 (Flyball, 8RM)
Batting: RHB Harry Fuller Pickoff Throw to First - Out!
0-0: Ground out 6-3 (Groundball, 6)
Top of the 7th over - 0 run(s), 1 hit(s), 0 error(s), 0 left on base; Athletic Club KC 2 - D.C. 0
BOTTOM OF THE 7TH
D.C. Divided batting - Pitching for Athletic Club KC : RHP Eric Lang
Batting: RHB Lúcio López 0-0: Called Strike
0-1: Ball
1-1: Ball
2-1: Ball
3-1: Base on Balls
Batting: RHB Julián Salcido 0-0: Called Strike
0-1: Ball
1-1: Foul Ball, location: 2F
1-2: Strikes out looking
Batting: RHB Rubén Alvarado 0-0: Called Strike
0-1: Ball
1-1: Ball
2-1: Foul Ball, location: 2F
2-2: Strikes out swinging
Batting: LHB Michael Greene 0-0: Ball
1-0: Ball
2-0: Ball
3-0: Base on Balls
Lúcio López to second
Batting: RHB Arturo Rodríguez 0-0: Called Strike
0-1: Ball
1-1: Fielders Choice at 2nd, 6-4 (Groundball, 6)
Bottom of the 7th over - 0 run(s), 0 hit(s), 0 error(s), 1 left on base; Athletic Club KC 2 - D.C. 0
TOP OF THE 8TH
Athletic Club KC batting - Pitching for D.C. Divided : RHP José Alaniz
Batting: SHB Eric Moore 0-0: Ground out U3 (Groundball, 34)
Batting: RHB David Edwards 0-0: Swinging Strike
0-1: Ground out 6-3 (Groundball, 6)
Batting: SHB Pedro Vázquez 0-0: Called Strike
0-1: Ball
1-1: Foul Ball, location: 2F
1-2: Ball
2-2: Ball
3-2: Base on Balls
Batting: RHB Ramón Souza 0-0: Fielders Choice at 2nd, 5-4 (Groundball, 56)
Top of the 8th over - 0 run(s), 0 hit(s), 0 error(s), 0 left on base; Athletic Club KC 2 - D.C. 0
BOTTOM OF THE 8TH
D.C. Divided batting - Pitching for Athletic Club KC : RHP Eric Lang
Batting: RHB Tony Romero 0-0: SINGLE (Line Drive, 89M)
Batting: RHB Wilfred McLaughlin 0-0: Called Strike
0-1: Called Strike
0-2: Foul Ball, location: 2F
0-2: Ball
1-2: Foul Ball, location: 2F
1-2: Ball
2-2: DOUBLE (Line Drive, 7LM)
Tony Romero to third
Batting: LHB Charles Mathes 0-0: Called Strike
0-1: Ball
1-1: Fly out, F8 (Flyball, 8LM)
Runner from 3rd tags up, SCORES, no throw
Batting: RHB Mario Castillo 0-0: Ball
1-0: DOUBLE (Flyball, 78XD)
Wilfred McLaughlin scores
Pitching: RHP Gene Kirkland
Batting: RHB Lúcio López 0-0: Ball
1-0: Ball
2-0: Ball
3-0: Called Strike
3-1: Foul Ball, location: 2F
3-2: DOUBLE (Line Drive, 78XD)
Mario Castillo scores
Batting: RHB Julián Salcido 0-0: Intentional Walk
Batting: RHB Rubén Alvarado 0-0: Foul Ball, location: 2F
0-1: Ball
1-1: Foul Ball, location: 2F
1-2: Ball
2-2: Ball
3-2: Grounds into double play, 6-4-3 (Groundball, 6)
Bottom of the 8th over - 3 run(s), 4 hit(s), 0 error(s), 1 left on base; Athletic Club KC 2 - D.C. 3
TOP OF THE 9TH
Athletic Club KC batting - Pitching for D.C. Divided : RHP José Alaniz
Batting: RHB Todd Blake 0-0: Ball
1-0: Foul Ball, location: 2F
1-1: Ground out 6-3 (Groundball, 6)
Batting: RHB Júlio Maldonado 0-0: Swinging Strike
0-1: Called Strike
0-2: Ball
1-2: Strikes out swinging
Batting: SHB David Henderson 0-0: SINGLE (Line Drive, 9S)
Pitching: RHP Gabriel Hidalgo
Batting: RHB Dao-zi Dai 0-0: Called Strike
0-1: Called Strike
0-2: Ball
1-2: Strikes out swinging
Top of the 9th over - 0 run(s), 1 hit(s), 0 error(s), 1 left on base; Athletic Club KC 2 - D.C. 3
Monday, March 20th, 2017 - OOTP Baseball 17.12 Build 75